 Dungeon Crawl Stone Soup version 0.20.1-1-g8b1a95d (webtiles) character file.

305 homeworkjunkie the Chopper (level 6, -2/55 HPs)
             Began as a Hill Orc Fighter on Nov 22, 2017.
             Slain by a gnoll
             ... wielding a +0 halberd
              (5 damage)
             ... on level 4 of the Dungeon.
             The game lasted 00:05:20 (3564 turns).

homeworkjunkie the Chopper (Hill Orc Fighter)       Turns: 3564, Time: 00:05:21

Health: -2/55      AC:  8    Str: 20    XL:     6   Next: 39%
Magic:  6/6        EV:  7    Int:  8    God:
Gold:   74         SH: 11    Dex: 11    Spells: 5/5 levels left

rFire    + . .     SeeInvis .   a - +0 war axe
rCold    x . .     Gourm    .   j - +2 shield
rNeg     . . .     Faith    +   b - +0 scale mail
rPois    .         Spirit   .   d - +0 helmet (curse)
rElec    .         Reflect  .   (no cloak)
rCorr    .         Harm     .   (no gloves)
MR       .....                  (no boots)
Stlth    ..........             e - amulet of faith
Regen    0.2/turn               m - ring of fire
MPRegen  0.1/turn               (no ring)

@: berserk cooldown, slowed, very slow
A: no striking features
a: no special abilities


You were on level 4 of the Dungeon.
You were not hungry.

You visited 1 branch of the dungeon, and saw 5 of its levels.
You also visited: Sewer.

You collected 74 gold pieces.

Inventory:

Hand Weapons
 a - a +0 war axe (weapon)
Armour
 b - a +0 scale mail (worn)
 d - a cursed +0 helmet (worn)
 j - a +2 shield (worn)
Jewellery
 e - an amulet of faith (around neck)
 g - a +3 ring of dexterity {unknown}
 m - a ring of fire (left hand)
Scrolls
 h - 2 scrolls of identify
Potions
 i - a potion of heal wounds
 k - a potion of agility {unknown}
 l - a potion of might
 n - a potion of degeneration {unknown}
Comestibles
 f - 2 bread rations
 o - a meat ration


   Skills:
 * Level 4.9 Fighting
 * Level 5.3 Axes
 * Level 4.6 Armour
 + Level 0.7 Dodging
 * Level 4.5 Shields


You had 5 spell levels left.
You didn't know any spells.

Dungeon Overview and Level Annotations

Branches:
Dungeon (5/15)
 Temple: D:4-7

Altars:


Message History

You block the gnoll's attack. The gnoll hits you with a halberd!
You closely miss the gnoll.
The gnoll is moderately wounded.
The gnoll hits you but does no damage. You block the gnoll's attack.
The gnoll closely misses you. You block the gnoll's attack.
The gnoll hits you from afar with a spear.
You slash the gnoll!
The gnoll is almost dead.
The gnoll hits you with a halberd!
The gnoll hits you from afar with a halberd.
You block the gnoll's attack. The gnoll hits you but does no damage.
You block the gnoll's attack.
The gnoll hits you from afar with a spear.
You closely miss the gnoll.
The gnoll is almost dead.
The gnoll hits you with a halberd!
* * * LOW HITPOINT WARNING * * *
You block the gnoll's attack.
The gnoll hits you from afar with a halberd.
You die...

#.........#.#### #.
#........!# # #.#
#.........# .. #.....###.#
#.##......##.#
#..#.....g##.#.#####
#.#......##.#.....#
#........##.#####.####
##.......##.@gg......#
#.####.....#.g..###.#
######..###.###)####.#...#
..[......##.###......#.###
.........##......#####.#
.........##............#
.........##.....########
......†..##.......#
..........#..:..#.#


You could see 3 gnolls.

Vanquished Creatures
  A bullfrog (Sewer)
  A hound (D:4)
  A bullfrog skeleton (D:4)
  Robin (D:2)
  A gnoll (D:4)
  9 adders
  A worm (D:2)
  A dart slug (D:2)
  2 leopard geckos
  3 bats
  9 giant cockroaches
  17 goblins
  5 hobgoblins
  2 jackals (D:2)
  3 quokkas (D:2)
  6 ball pythons
  14 frilled lizards
  7 kobolds
  7 rats
91 creatures vanquished.

Vanquished Creatures (others)
  A hobgoblin (D:2)
1 creature vanquished.

Grand Total: 92 creatures vanquished

Notes
Turn   | Place    | Note
-------+----------+-------------------------------------------
     0 | D:1      | homeworkjunkie the Hill Orc Fighter began the quest for the Orb.
     0 | D:1      | Reached XP level 1. HP: 19/19 MP: 1/1
   105 | D:2      | Reached XP level 2. HP: 23/27 MP: 2/2
   216 | D:2      | Reached skill level 3 in Axes
   231 | D:2      | Reached XP level 3. HP: 9/33 MP: 3/3
   835 | D:3      | Reached XP level 4. HP: 40/40 MP: 4/4
   978 | D:3      | Found a glowing drain.
   989 | Sewer    | Entered a sewer
  1010 | Sewer    | Reached skill level 4 in Axes
  1425 | Sewer    | Reached XP level 5. HP: 45/47 MP: 5/5
  1754 | D:2      | Noticed Robin
  1779 | D:2      | Killed Robin
  2037 | D:2      | Reached XP level 6. HP: 46/53 MP: 6/6
  3039 | D:4      | Reached skill level 5 in Axes
  3050 | D:5      | Entered Level 5 of the Dungeon
  3564 | D:4      | Slain by a gnoll

Skill      XL: |  1  2  3  4  5  6 |
---------------+-------------------+-----
Axes           | 3 4 5 |  5.3
Fighting       | 4 |  4.9
Armour         | 4 |  4.6
Shields        | 4 |  4.5
Dodging        | |  0.7

Action                   |  1- 3 |  4- 6 || total
-------------------------+-------+-------++-------
Melee: War axe           |    60 |   194 ||   254
  Use: Scroll            |     1 |     3 ||     4
       Potion            |       |     5 ||     5
  Eat: Bread ration      |       |     2 ||     2
       Royal jelly       |       |     1 ||     1
Armor: Scale mail        |    32 |    94 ||   126
Dodge: Dodged            |    25 |    70 ||    95
Block: Shield            |    43 |   166 ||   209
